 Dungeon Crawl Stone Soup version 0.27-a0-1548-gf8a67e7463 (webtiles) character file.

Game seed: 12390507293598584584

87 dolemite99 the Skirmisher (level 4, -1/49 HPs)
             Began as an Ogre Artificer on July 14, 2021.
             Was a Plaything of Xom.
             Slain by Jessica (6 damage)
             ... on level 3 of the Dungeon.
             The game lasted 00:04:04 (3295 turns).

dolemite99 the Skirmisher (Ogre Artificer)          Turns: 3295, Time: 00:04:05

Health: -1/49      AC:  3    Str: 20    XL:     4   Next: 51%
Magic:  4/4        EV:  5    Int: 12    God:    Xom [..*...]
Gold:   25         SH: 17    Dex:  9    Spells: 3/3 levels left

rFire    + . .     SeeInvis .   a - +0 hunting sling
rCold    . . .     Faith    .   m - +5 tower shield "Veaq" {rF+ Str+3}
rNeg     . . .     Spirit   .   b - +0 robe
rPois    .         Reflect  .   (helmet restricted)
rElec    .         Harm     .   (no cloak)
rCorr    .         Rampage  .   (gloves unavailable)
Will     .....                  (boots unavailable)
Stlth    +.........             (no amulet)
HPRegen  0.16/turn              (no ring)
MPRegen  0.09/turn              (no ring)

@: mighty, weak-willed
A: large, unfitting armour, tough skin 1
a: Renounce Religion


You were on level 3 of the Dungeon.
You worshipped Xom.
You were a toy of Xom.
You visited 1 branch of the dungeon, and saw 3 of its levels.

You collected 98 gold pieces.
You spent 73 gold pieces at shops.

Inventory:

Hand Weapons
 a - a +0 hunting sling (weapon)
 i - a +0 club
Missiles
 n - 35 stones (quivered ammo)
 o - 3 javelins
 p - 2 boomerangs
Armour
 b - a +0 robe (worn)
 m - the +5 tower shield "Veaq" (worn) {rF+ Str+3}
   (You acquired it on level 3 of the Dungeon)

   Str:       It affects your strength (+3).
   rF:        It protects you from fire.
Wands
 d - a wand of charming (15)
Scrolls
 l - a scroll of immolation
 q - a scroll of identify {@r1}
Potions
 c - a potion of ambrosia
Miscellaneous
 e - a piece from Xom's chessboard (15/15)


   Skills:
 - Level 4.8 Fighting
 + Level 1.0 Throwing
 - Level 2.1 Dodging
 - Level 0.6 Stealth
 + Level 1.1 Shields
 - Level 2.4 Evocations


You had 3 spell levels left.
You didn't know any spells.
Your spell library contained the following spells:

 Spells                   Type           Power      Damage    Failure   Level
 Shock                    Conj/Air       0%         1d3       100%        1
 Call Canine Familiar     Summ           0%         N/A       100%        3
 Ozocubu's Armour         Ice            0%         N/A       100%        3
 Portal Projectile        Hex/Tloc       0%         N/A       100%        3
 Swiftness                Air            0%         N/A       100%        3
 Airstrike                Air            0%         N/A       100%        4
 Leda's Liquefaction      Hex/Erth       0%         N/A       100%        4
 Metabolic Englaciation   Hex/Ice        0%         N/A       100%        5
 Summon Forest            Summ/Tloc      0%         N/A       100%        5
 Eringya's Noxious Bog    Tmut/Pois      0%         N/A       100%        6
 Simulacrum               Ice/Necr       0%         N/A       100%        6
 Summon Hydra             Summ           0%         N/A       100%        7


Dungeon Overview and Level Annotations

Branches:
Dungeon (3/15)

Altars:
Xom

Shops:
D:1 !   D:3 *

Annotations:
D:2 Robin
D:3 Jessica, Sigmund


Innate Abilities, Weirdness & Mutations

You are too large for most types of armour.
You have tough skin. (AC +1)


Message History

Sigmund breathes a few words.
Sigmund's hands start flickering wildly.
You block Sigmund's attack. The orc hits you with a +0 hand axe.
You block the rat's attack.
An orc comes into view. It is wielding a +0 hand axe.
You block the rat's attack. You block the endoplasm's attack.
Sigmund mumbles some strange words.
Sigmund flickers and vanishes!
Really attack while wielding your +0 hunting sling? [Y]es or [N]o only, please.
Really attack while wielding your +0 hunting sling? [Y]es or [N]o only, please.
Really attack while wielding your +0 hunting sling? [Y]es or [N]o only, please.
Really attack while wielding your +0 hunting sling?
Okay, then.
You block the rat's attack. The endoplasm barely misses you.
You closely miss something. The orc hits you with a +0 hand axe.
You block the rat's attack.
You hear some strange, mumbled words.
You block the endoplasm's attack. You block the orc's attack.
The rat bites you. The rat bites you but does no damage. Something hits you.
The endoplasm hits you. Something hits you!
It was a potion of might.
You feel very mighty all of a sudden. The orc hits you with a +0 hand axe!
You hear some strange, mumbled words.
Pain shoots through your body!
* * * LOW HITPOINT WARNING * * *
You block the rat's attack. x2; You block the endoplasm's attack.
Something hits you.
* * * LOW HITPOINT WARNING * * *
It was a potion of curing.
You feel better. You block something's attack. You block the rat's attack.
The rat barely misses you. Something hits you.
* * * LOW HITPOINT WARNING * * *
The endoplasm barely misses you. Something hits you.
* * * LOW HITPOINT WARNING * * *
Really attack while wielding your +0 hunting sling?
You barely miss the orc. Something hits you.
You die...

,,,,,,,* *,,,,,,,,,,,,,* ###.....
,,,,,,,***+***********,****#.....
,,,,,,,**,,,,,,,,* *,*,,,#.....
,,,,,,,**,,,,,,,,* *,*,*,#.#...
,,,,,,,**,,,,,,,,* *,*,*,#<#.>.
,,,,,,,***+******* *,#,*.###...
,,,,,,,+,,,###########.#,#.......
,,,,,,,****#............,#####...
,,,,,,,* #...o@r......** #...
,,,,,,,* #...r.J......**** #...
******** #....{oo.....,,,* ####
#............,,,*
#............,,,*
#............**** #............*
#############*


You could see 3 orcs, an endoplasm (weak-willed) and 2 rats.

Vanquished Creatures
  3 adders (D:3)
  A worm (D:3)
  A dart slug (D:1)
  A ball python (D:2)
  3 endoplasms
  4 giant cockroaches
  14 goblins
  7 hobgoblins
  4 jackals
  A quokka (D:1)
  3 frilled lizards
  A kobold (D:1)
  5 rats
48 creatures vanquished.

Notes
Turn   | Place    | Note
-------+----------+-------------------------------------------
     0 | D:1      | dolemite99 the Ogre Artificer began the quest for the Orb.
     0 | D:1      | Reached XP level 1. HP: 19/19 MP: 1/1
    53 | D:1      | Reached skill level 2 in Fighting
   135 | D:1      | Found Fef Tiakk's Distillery.
   178 | D:1      | Reached XP level 2. HP: 27/29 MP: 2/2
   239 | D:1      | Reached skill level 3 in Fighting
  1026 | D:2      | Noticed Robin
  1081 | D:2      | Reached XP level 3. HP: 29/39 MP: 3/3
  1286 | D:1      | Reached skill level 4 in Fighting
  1680 | D:2      | Found a faded altar of an unknown god.
  1689 | D:2      | Became a worshipper of Xom of Many Doors
  1788 | D:2      | XOM: cloud trail
  2189 | D:3      | XOM: divination: magic mapping
  2327 | D:3      | Identified a scroll of acquirement
  2327 | D:3      | Acquired the +5 tower shield "Veaq" {rF+ Str+3}
  2419 | D:3      | XOM: divination: magic mapping
  2437 | D:3      | XOM: confuse monster(s)
  2796 | D:3      | Found Ukaocw's General Store.
  2803 | D:3      | Bought 3 javelins for 33 gold pieces
  2803 | D:3      | Bought 2 boomerangs for 14 gold pieces
  2803 | D:3      | Bought 19 stones for 26 gold pieces
  2860 | D:3      | Reached XP level 4. HP: 49/49 MP: 4/4
  3006 | D:3      | Reached skill level 1 in Shields
  3045 | D:3      | Reached skill level 1 in Throwing
  3284 | D:3      | Noticed Jessica
  3284 | D:3      | Noticed Sigmund
  3284 | D:3      | XOM: 2-stop teleportation journey
  3295 | D:3      | Slain by Jessica

Illustrated notes

Levels and vault maps discovered:
D:1:      heliophobic_arrival_henge, layout_loops_ring, serial_shops,
          nicolae_square_shop
D:2:      layout_basic, basic_ecumenical_altar, uniq_robin
D:3:      minmay_thinvault, layout_basic, serial_shops, shop, uniq_jessica,
          uniq_sigmund

Skill      XL: |  1  2  3  4 |
---------------+-------------+-----
Fighting       | 2 3 4 |  4.8
Shields        | 1 |  1.1
Throwing       | 1 |  1.0
Dodging        | |  2.1
Stealth        | |  0.6
Evocations     | |  2.4

Action                   |  1- 3 |  4- 6 || total
-------------------------+-------+-------++-------
Melee: Club              |   130 |       ||   130
       Hunting sling     |       |     2 ||     2
 Fire: Hunting sling     |     3 |    45 ||    48
Evoke: Wand              |    15 |       ||    15
       Piece from Xom's  |     1 |       ||     1
  Use: Scroll            |     1 |     5 ||     6
       Potion            |     1 |     2 ||     3
Armor: Robe              |    45 |     5 ||    50
Dodge: Dodged            |    80 |     5 ||    85
Block: Tower shield      |    25 |    47 ||    72

Table legend: (Time is in decaauts)
 A = Elapsed time spent in this place.
 B = Non-inter-level travel time spent in this place.
 C = Inter-level travel time spent in this place.
 D = Time resting spent in this place.
 E = Time spent auto-exploring this place.
 F = Levels seen in this place.
 G = Mean time per level.
                   A        B        C        D        E       F      G
               +--------+--------+--------+--------+--------+-----+--------+
         Total |   3383 |   3124 |    259 |    767 |   1732 |   3 | 1127.7 |
       Dungeon |   3383 |   3124 |    259 |    767 |   1732 |   3 | 1127.7 |
               +--------+--------+--------+--------+--------+-----+--------+

Top non-repeatable levels by time:
     D:3: 1238 daAuts
     D:1: 1206 daAuts
     D:2: 937 daAuts
